 Dungeon Crawl Stone Soup version 0.29.0-15-g675c0067aa (webtiles) character file.

Game seed: 2004700986485341238

7 qw the Sneak (level 2, -6/19 HPs)
             Began as a Gargoyle Delver on Sept 11, 2022.
             Killed from afar by Dowan (7 damage)
             ... with a puff of flame
             ... on level 4 of the Dungeon.
             The game lasted 00:00:10 (553 turns).

qw the Sneak (Gargoyle Delver)                       Turns: 553, Time: 00:00:11

Health: -6/19      AC:  5    Str: 15    XL:     2   Next: 0%
Magic:  2/2        EV: 11    Int: 10    God:
Gold:   9          SH:  0    Dex: 11    Spells: 1/1 levels left

rFire   . . .      SeeInvis .   Y - +0 hand axe
rCold   . . .      Faith    .   (no shield)
rNeg    + . .      Spirit   .   b - +0 leather armour
rPois   inf        Reflect  .   (no helmet)
rElec   +          Harm     .   (no cloak)
rCorr   .          Rampage  .   (no gloves)
Will    .....                   (no boots)
Stlth   +++.......              (no amulet)
HPRegen 0.06/turn               (no ring)
MPRegen 0.08/turn               (no ring)

@: no status effects
A: sickness immunity, AC +2, negative energy resistance 1, electricity
resistance, torment resistance 1, petrification resistance
a: no special abilities


You were on level 4 of the Dungeon.
You visited 1 branch of the dungeon, and saw 2 of its levels.

You collected 9 gold pieces.


Innate Abilities, Weirdness & Mutations

You are immune to sickness and miasma.
Your stone body is resilient. (AC +2)
You are immune to poison.
You resist negative energy. (rN+)
You are resistant to electric shocks. (rElec)
You are resistant to unholy torment.
You are immune to petrification.


   Skills:
 - Level 3.2 Fighting
 + Level 2.4 Axes
 - Level 1.5 Dodging
 - Level 5.4 Stealth


You had one spell level left.
You didn't know any spells.
Your spell library was empty.

Inventory:

Hand Weapons
 d - a +0 flail
 Y - a +0 hand axe (weapon)
Armour
 a - a +0 ring mail
 b - a +0 leather armour (worn)
 e - a +0 chain mail
Wands
 g - a wand of digging (3)
Scrolls
 c - a scroll of teleportation {unknown}
Potions
 f - a potion of haste
 i - a potion of curing

Dungeon Overview and Level Annotations

Branches:
Dungeon (5/15)
 Temple: D:4-7

Altars:
Fedhas
Kikubaaqudgha
Qazlal
Zin

Annotations:
D:4 Dowan, Duvessa


Message History

The hobgoblin shouts!
You hear a shout!
You hit the hobgoblin.
The hobgoblin is severely wounded.
The hobgoblin hits you.
You hit the hobgoblin.
You kill the hobgoblin!
A goblin comes into view. It is wielding a +0 dagger.
531 ||| Stepping ~*~*~tactically~*~*~ (hiding).
You start resting.
A goblin is nearby!
Dowan, Brother of Duvessa comes into view.
He is wielding a +0 dagger.
Found 15 gold pieces.
Dowan shouts!
You hear a shout!
The goblin hits you but does no damage.
You hit the goblin.
You kill the goblin!
You have reached level 2!
538 ||| Stepping ~*~*~tactically~*~*~ (hiding).
You start resting.
Dowan is nearby!
540 ||| Stepping ~*~*~tactically~*~*~ (hiding).
You start resting.
Dowan is nearby!
You closely miss Dowan.
Duvessa, Sister of Dowan comes into view.
She is wielding a +0 short sword.
Dowan gestures at you while chanting. The puff of frost hits you!
Dowan hits you with a +0 dagger.
Duvessa moves out of view.
You barely miss Dowan.
Dowan gestures wildly while chanting.
Dowan blinks!
You start resting.
Dowan is nearby!
You miss Dowan. Dowan hits you with a +0 dagger.
You hit Dowan.
Dowan is moderately wounded.
Dowan gestures at you while chanting. The puff of flame hits you!
You die...

#..# #... #..#
#... ####
###...# ....
.......## #.....
........##
#......
......e@.##
#.......
$......#..##
##....)...
.......##..##
#.........
.......
##..###.........
.......
##..#..........
.......
##............
.......
##......>....
.......
##..........
##.........


You could see Dowan.

Vanquished Creatures
  2 orcs
  A goblin (D:4)
  A hobgoblin (D:4)
4 creatures vanquished.

Notes
Turn   | Place    | Note
-------+----------+-------------------------------------------
     0 | D:5      | qw the Gargoyle Delver began the quest for the Orb.
     0 | D:5      | Reached XP level 1. HP: 14/14 MP: 1/1
     0 | D:5      | 0 ||| qw: Version: 0.1-a-118-gb4e7ce6
     0 | D:5      | 0 ||| qw: Game counter: 10500
     0 | D:5      | 0 ||| qw: Always use a shield: true
     0 | D:5      | 0 ||| qw: God list: Okawaru
     0 | D:5      | 0 ||| qw: Allow faded altars: false
     0 | D:5      | 0 ||| qw: Do Orc after D:15 true
     0 | D:5      | 0 ||| qw: Do second Lair branch before Depths: true
     0 | D:5      | 0 ||| qw: Lair rune preference: random
     0 | D:5      | 0 ||| qw: Plans: Normal
     0 | D:5      | 0 ||| PLANNING D:1-11
    25 | D:5      | Found a stormy altar of Qazlal.
    25 | D:5      | Found a glowing silver altar of Zin.
    26 | D:5      | Found a blossoming altar of Fedhas.
    36 | D:5      | Found an ancient bone altar of Kikubaaqudgha.
    64 | D:5      | Noticed an orc wizard
    65 | D:5      | 65 ||| Stepping ~*~*~tactically~*~*~ (stealth).
    67 | D:5      | 67 ||| Stepping ~*~*~tactically~*~*~ (stealth).
    69 | D:5      | 69 ||| Stepping ~*~*~tactically~*~*~ (stealth).
    70 | D:5      | 70 ||| Stepping ~*~*~tactically~*~*~ (stealth).
    86 | D:5      | 86 ||| Stepping ~*~*~tactically~*~*~ (stealth).
    88 | D:5      | 88 ||| Stepping ~*~*~tactically~*~*~ (stealth).
    89 | D:5      | 89 ||| Stepping ~*~*~tactically~*~*~ (stealth).
    92 | D:5      | 92 ||| Stepping ~*~*~tactically~*~*~ (stealth).
    93 | D:5      | 93 ||| Stepping ~*~*~tactically~*~*~ (stealth).
    94 | D:5      | 94 ||| Stepping ~*~*~tactically~*~*~ (stealth).
   149 | D:5      | 149 ||| Stepping ~*~*~tactically~*~*~ (stealth).
   150 | D:5      | 150 ||| READING scroll labelled NASOUDWEOW.
   151 | D:5      | 151 ||| DRINKING 2 blue potions.
   152 | D:5      | 152 ||| DROPPING scroll of fog.
   153 | D:5      | 153 ||| Stepping ~*~*~tactically~*~*~ (stealth).
   154 | D:5      | 154 ||| Stepping ~*~*~tactically~*~*~ (stealth).
   155 | D:5      | 155 ||| DROPPING scroll of magic mapping.
   156 | D:5      | 156 ||| DROPPING scroll of fear.
   160 | D:5      | 160 ||| FLEEEEING.
   161 | D:5      | 161 ||| FLEEEEING.
   162 | D:5      | 162 ||| FLEEEEING.
   163 | D:5      | 163 ||| FLEEEEING.
   164 | D:5      | 164 ||| FLEEEEING.
   165 | D:5      | 165 ||| FLEEEEING.
   166 | D:5      | 166 ||| STAIRDANCE
   190 | D:4      | HP: 1/14 [orc/+0 flail (6)]
   531 | D:4      | 531 ||| Stepping ~*~*~tactically~*~*~ (hiding).
   536 | D:4      | Noticed Dowan
   538 | D:4      | Reached XP level 2. HP: 14/19 MP: 2/2
   538 | D:4      | 538 ||| Stepping ~*~*~tactically~*~*~ (hiding).
   540 | D:4      | 540 ||| Stepping ~*~*~tactically~*~*~ (hiding).
   543 | D:4      | Noticed Duvessa
   543 | D:4      | HP: 3/19 [Dowan/+0 dagger (3)]
   552 | D:4      | HP: 1/19 [Dowan/+0 dagger (3)]
   553 | D:4      | Killed from afar by Dowan

Levels and vault maps discovered:
D:4:      layout_cave_pods, minmay_temple_entry_poolview, uniq_duvessa,
          uniq_pikel, uniq_eustachio
D:5:      layout_rooms, nicolae_overflow_quartered_altars, amethyst_killhole,
          uniq_ijyb

Skill      XL: |  1 |
---------------+----+-----
Axes           | 2 |  2.4
Fighting       | |  3.2
Dodging        | |  1.5
Stealth        | |  5.4

Action                   || total
-------------------------++-------
Melee: Hand axe          ||    20
  Use: Scroll            ||     1
       Potion            ||     1
Armor: Leather armour    ||     4
Dodge: Dodged            ||     7

Table legend:
 A = Non-vault XP
 B = Vault XP
 C = Vault XP percentage of total XP
 D = Non-vault monster count
 E = Vault monster count
 F = Vault count percentage of total count
                 A         B        C        D         E       F
            +---------+---------+-------+---------+---------+-------
      Total |      10 |       0 |   0.0 |       4 |       0 |   0.0
            +---------+---------+-------+---------+---------+-------
        D:4 |       7 |       0 |   0.0 |       3 |       0 |   0.0
        D:5 |       3 |       0 |   0.0 |       1 |       0 |   0.0
            +---------+---------+-------+---------+---------+-------
